 Dungeon Crawl Stone Soup version 0.23-a0-49-gd9f7a49 (webtiles) character file.

70 username the Chopper (level 4, 41/41 HPs)
             Began as a Minotaur Berserker on Aug 6, 2018.
             Was a Believer of Trog.
             Got out of the dungeon alive.
             The game lasted 00:02:21 (1183 turns).

username the Chopper (Minotaur Berserker)           Turns: 1183, Time: 00:02:22

Health: 41/41      AC:  5    Str: 22    XL:     4   Next: 4%
Magic:  3/3        EV: 12    Int:  4    God:    Trog [**....]
Gold:   42         SH:  0    Dex: 10    Spells: 3/3 levels left

rFire    . . .     SeeInvis .   a - +0 hand axe
rCold    . . .     Gourm    .   (no shield)
rNeg     . . .     Faith    .   b - +0 animal skin
rPois    .         Spirit   .   (helmet restricted)
rElec    .         Reflect  .   (no cloak)
rCorr    .         Harm     .   (no gloves)
MR       .....                  m - +2 pair of boots
Stlth    +.........             (no amulet)
HPRegen  0.13/turn              (no ring)
MPRegen  0.08/turn              (no ring)

@: no status effects
A: retaliatory headbutt, horns 2
a: Berserk, Trog's Hand, Renounce Religion


You escaped.
You worshipped Trog.
Trog was pleased with you.
You were not hungry.

You visited 1 branch of the dungeon, and saw 2 of its levels.

You collected 42 gold pieces.

Inventory:

Hand Weapons
 a - a +0 hand axe (weapon)
Armour
 b - a +0 animal skin (worn)
 k - a +0 cloak
 m - a +2 pair of boots (worn)
Scrolls
 d - a scroll of fog {unknown}
 e - a scroll of fear {unknown}
 f - a scroll of immolation {unknown}
 g - a scroll of identify {unknown}
 j - 2 scrolls of blinking {unknown}
 l - 2 scrolls of enchant armour {unknown}
Potions
 h - a potion of brilliance {unknown}
Comestibles
 c - 2 rations


   Skills:
 + Level 4.6 Fighting
 + Level 4.9 Axes
 + Level 2.6 Armour
 + Level 2.4 Dodging
 + Level 0.1 Stealth


You had 3 spell levels left.
You didn't know any spells.
Your spell library was empty.

Dungeon Overview and Level Annotations

Branches:
Dungeon (2/15)

Altars:


Innate Abilities, Weirdness & Mutations

You reflexively headbutt those who attack you in melee.
You have a pair of horns on your head.


Message History

Where to? (Enter - D:1 @ (x,y), ? - help)
You see here a club.
Some of the chunks of flesh in your inventory have rotted away.
You see here a club.
There is a stone staircase leading up here.
You climb upwards.
There is a stone staircase leading down here.
There is a stone staircase leading down here.
You see here a club.
Some of the chunks of flesh in your inventory have rotted away.
All of the chunks of flesh in your inventory have rotted away.
You see here a robe.
You see here 14 stones.
There is a staircase leading out of the dungeon here.
Are you sure you want to leave the Dungeon?
This will make you lose the game!
Alright, then stay!
Are you sure you want to leave the Dungeon?
This will make you lose the game!
Alright, then stay!
Are you sure you want to leave the Dungeon?
This will make you lose the game!
You have escaped!

#.##########.#
#......##.#####... #.#
#......#
#......##......... #.#
#.####.#
##.#.#.##..####... #.#
#...######......##..#
#... #.#
###..[..##......##..#
#... #.#
##..##.##.##.#######
#... #.#
#....#.##......# ####
#.# #..#.#.##......#
#.# #..#...##@...###
######## #.#
#..#.####......#
#.......
#.########....##......#
#.......
........##....#####.#.#
#.......
.)......##....##......#
#.......
........##....##......#
########
........##....##.##..##
....)...##....##......#
........#.....##...(..#


There were no monsters in sight!

Vanquished Creatures
  An adder (D:2)
  A worm (D:2)
  A giant cockroach (D:2)
  5 goblins
  10 hobgoblins
  12 jackals
  A ball python (D:2)
  8 bats
  4 frilled lizards
  3 kobolds
  7 rats
53 creatures vanquished.

Notes
Turn   | Place    | Note
-------+----------+-------------------------------------------
     0 | D:1      | username the Minotaur Berserker began the quest for the Orb.
     0 | D:1      | Reached XP level 1. HP: 19/19 MP: 0/0
   229 | D:1      | Reached XP level 2. HP: 19/27 MP: 1/1
   404 | D:1      | Reached ** piety under Trog
   419 | D:1      | Reached XP level 3. HP: 30/34 MP: 2/2
   944 | D:2      | Reached XP level 4. HP: 40/41 MP: 3/3
  1183 | D:$      | Got out of the dungeon alive.

Vault maps used:
D:1:      dpeg_arrival_ternary
D:2:      first_ration

Skill      XL: |  1  2 |
---------------+-------+-----
Fighting       | 4 |  4.6
Axes           | 4 |  4.9
Armour         | |  2.6
Dodging        | |  2.4
Stealth        | |  0.1

Action                   |  1- 3 |  4- 6 || total
-------------------------+-------+-------++-------
Melee: Hand axe          |    74 |     2 ||    76
       Headbutt          |    11 |       ||    11
Invok: Berserk           |     1 |       ||     1
 Stab: Sleeping          |     1 |       ||     1
  Eat: Chunk             |     1 |     1 ||     2
Armor: Animal skin       |    13 |     1 ||    14
Dodge: Dodged            |    60 |     5 ||    65

Table legend:
 A = Spawn XP
 B = Non-spawn XP
 C = Spawn XP percentage of total XP
 D = Spawn monster count
 E = Non-spawn monster count
 F = Spawn count percentage of total count
 G = Total turns spent on level
                    A         B        C        D         E        F      G
               +---------+---------+-------+---------+---------+-------+---------
         Total |       0 |     101 |   0.0 |       0 |      53 |   0.0 |  1183
               +---------+---------+-------+---------+---------+-------+---------
           D:1 |       0 |      43 |   0.0 |       0 |      27 |   0.0 |   791
           D:2 |       0 |      58 |   0.0 |       0 |      26 |   0.0 |   392
               +---------+---------+-------+---------+---------+-------+---------
